 Dungeon Crawl Stone Soup version 0.28-a0-1241-gf280a0fbb2 (webtiles) character file.

Game seed: 4743234406452517930

4322 GordonOverkill the Cleaver (level 10, -4/91 HPs)
             Began as a Minotaur Cinder Acolyte on Dec 26, 2021.
             Was a Follower of Makhleb.
             Slain by a fire elemental (6 damage)
             ... created by the fiery vengeance of Ignis
             ... on level 8 of the Dungeon.
             The game lasted 00:13:16 (8179 turns).

GordonOverkill the Cleaver (MiCA)                   Turns: 8179, Time: 00:13:16

Health: -4/91      AC: 12    Str: 28    XL:     10   Next: 11%
Magic:  11/11      EV: 11    Int: 11    God:    Makhleb [*.....]
Gold:   358        SH:  0    Dex: 10    Spells: 11/11 levels left

rFire   . . .      SeeInvis .   a - +6 broad axe "Vyqucan" {vamp, Dex+5}
rCold   . . .      Faith    .   (no shield)
rNeg    . . .      Spirit   .   B - +6 leather armour "Orevupasogg" {Rampage Will+ Str+4}
rPois   +          Reflect  .   (helmet restricted)
rElec   .          Harm     .   s - scarf {repulsion}
rCorr   .          Rampage  +   (no gloves)
Will    +....                   q - +2 pair of boots
Stlth   +.........              d - amulet of the acrobat
HPRegen 0.25/turn               f - ring of poison resistance
MPRegen 0.12/turn               (no ring)

@: about to teleport, repel missiles, fire susceptible
A: horns 2, retaliatory headbutt
a: Renounce Religion


You were on level 8 of the Dungeon.
You worshipped Makhleb.
Makhleb was aware of your devotion.
You visited 1 branch of the dungeon, and saw 8 of its levels.
You also visited: Sewer and Bailey.

You collected 358 gold pieces.

Inventory:

Hand Weapons
 a - the +6 broad axe "Vyqucan" (weapon) {vamp, Dex+5}
   (You acquired it on level 5 of the Dungeon)

   It occasionally heals its wielder for a portion of the damage dealt when it
   wounds a living foe.
   Dex:       It affects your dexterity (+5).
 b - a +0 hand axe of flaming
 C - a +0 broad axe of electrocution
 D - a +0 broad axe of venom
Missiles
 n - 45 boomerangs (quivered)
Armour
 q - a +2 pair of boots (worn)
 s - a scarf of repulsion (worn)
 u - a +0 plate armour
 B - the +6 leather armour "Orevupasogg" (worn) {Rampage Will+ Str+4}
   (You found it in a bailey)

   Str:       It affects your strength (+4).
   Rampage:   It bestows one free step when moving towards enemies.
   Will:      It increases your willpower.
Jewellery
 d - an amulet of the acrobat (around neck)
 f - a ring of poison resistance (left hand)
Wands
 l - a wand of digging (3)
 p - a wand of flame (14)
Scrolls
 c - a scroll of amnesia
 e - a scroll of immolation
 i - 4 scrolls of teleportation
 t - a scroll of silence
 x - a scroll of magic mapping
 y - a scroll of fog
Potions
 h - a potion of lignification
 k - a potion of curing
 o - 5 potions of flight
 z - a potion of mutation
Miscellaneous
 g - a box of beasts


   Skills:
 + Level 9.5 Fighting
 * Level 12.8 Axes
 - Level 3.0 Throwing
 - Level 1.0 Spellcasting
 - Level 2.1 Fire Magic
 + Level 3.4 Invocations
 - Level 5.0 Evocations


You had 11 spell levels left.
You didn't know any spells.
Your spell library contained the following spells:

 Spells                   Type           Power      Damage    Failure   Level
 Scorch                   Fire           10%        2d6       22%         2
 Beastly Appendage        Tmut           0%         N/A       34%         1
 Sting                    Tmut/Pois      0%         1d3       34%         1
 Summon Small Mammal      Summ           0%         N/A       34%         1
 Poisonous Vapours        Pois/Air       0%         N/A       47%         2
 Wereblood                Tmut           0%         N/A       47%         2
 Call Canine Familiar     Summ           0%         N/A       71%         3
 Spider Form              Tmut/Pois      0%         N/A       71%         3
 Summon Guardian Golem    Hex/Summ       0%         N/A       71%         3
 Olgreb's Toxic Radiance  Pois           0%         N/A       98%         4


Dungeon Overview and Level Annotations

Branches:
Dungeon (8/15)             Temple (0/1) D:6           Sewer (visited)
 Bailey (visited)
   Lair: D:8-11

Altars:
Cheibriados
Elyvilon
Fedhas
Gozag
Makhleb
Okawaru
Qazlal
Sif Muna
Trog
Uskayaw
Wu Jian
Xom
Yredelemnul
Zin

Annotations:
D:6 1 runed translucent door


Innate Abilities, Weirdness & Mutations

You have a pair of horns on your head.
You reflexively headbutt those who attack you in melee.


Message History

You pick up a book of Callings and begin reading...
You add the spells Summon Small Mammal, Call Canine Familiar and Summon Guardian Golem to your library.
As you read the scroll of enchant armour, it crumbles to dust.
Your +1 pair of boots glows green for a moment. "Burn!
Burn until nothing is left!"
The divine experience confuses you!
You are confused. 3 fire elementals come into view.
The fire elemental hits you. The fire elemental burns you!
You closely miss the fire elemental. You slash the fire elemental!
You miss the fire elemental. The fire elemental closely misses you.
The fire elemental hits you. The fire elemental burns you!
The fire elemental hits you. The fire elemental burns you!
You closely miss the fire elemental. You miss the fire elemental. x2
The fire elemental hits you. The fire elemental burns you!
* * * LOW HITPOINT WARNING * * *
The fire elemental hits you. The fire elemental burns you!
* * * LOW HITPOINT WARNING * * *
The fire elemental hits you. The fire elemental burns you!
* * * LOW HITPOINT WARNING * * *
The fire elemental barely misses you.
You bump into the rock wall.
The fire elemental barely misses you. x2
The fire elemental hits you. The fire elemental burns you!
* * * LOW HITPOINT WARNING * * *
The fire elemental hits you.
* * * LOW HITPOINT WARNING * * *
The fire elemental burns you!
* * * LOW HITPOINT WARNING * * *
The fire elemental barely misses you.
You feel better. The fire elemental closely misses you.
The fire elemental hits you. The fire elemental burns you!
* * * LOW HITPOINT WARNING * * *
The fire elemental hits you. The fire elemental burns you!
* * * LOW HITPOINT WARNING * * *
Okay, then.
There is an open door here.
Okay, then.
As you read the scroll of teleportation, it crumbles to dust.
You feel strangely unstable. The fire elemental barely misses you.
The fire elemental hits you. The fire elemental burns you!
You die...

.. #.....# #.
#.....###+ #..
#.<....... .#...
#.........
......##+##.........
#.....#.........
#....°#.........
#...○E#.....##..
#...EE@.....# .
#.....#........
#.....#........
#.....#.....##.
#######.....#
#......+ +........
#..##.###


You could see 3 fire elementals.

Vanquished Creatures
  2 orc knights (Bailey)
  Sigmund (D:2)
  The ghost of MackTheKnife the Insei, an amateur DsDe of Wu Jian (D:6)
  A water moccasin (D:8)
  9 orc warriors
  2 sky beasts
  An ice beast (D:7)
  4 black bears
  An ogre (D:5)
  A centaur (D:6)
  5 bullfrogs
  2 jellies
  A water moccasin skeleton (D:6)
  A howler monkey (D:6)
  9 orc priests
  2 centaur skeletons (D:5)
  A bullfrog skeleton (D:5)
  5 iguanas
  A scorpion zombie (D:5)
  2 orc wizards
  A merfolk siren (Sewer)
  A killer bee zombie (D:6)
  A merfolk avatar (Sewer)
  A howler monkey zombie (D:5)
  A gnoll (D:3)
  6 adders
  2 river rats
  A shadow imp (D:5)
  3 white imps
  An adder zombie (D:5)
  A worm (D:3)
  2 dart slugs
  18 orcs
  9 ball pythons
  2 bats
  3 endoplasms
  8 giant cockroaches
  12 goblins
  7 hobgoblins
  15 kobolds
  6 quokkas
  10 frilled lizards
  26 rats
  A bush (D:2)
190 creatures vanquished.

Vanquished Creatures (collateral kills)
  A phantom (D:4)
1 creature vanquished.

Vanquished Creatures (others)
  92 foxfires
92 creatures vanquished.

Grand Total: 283 creatures vanquished

Notes
Turn   | Place    | Note
-------+----------+-------------------------------------------
     0 | D:1      | GordonOverkill the Minotaur Cinder Acolyte began the quest
                  | for the Orb.
     0 | D:1      | Reached XP level 1. HP: 19/19 MP: 1/1
   109 | D:1      | Found a faded altar of an unknown god.
   129 | D:1      | Reached skill level 4 in Axes
   147 | D:1      | Reached XP level 2. HP: 26/27 MP: 2/2
   886 | D:1      | Reached XP level 3. HP: 33/33 MP: 3/3
  1053 | D:2      | Noticed Sigmund
  1057 | D:2      | Killed Sigmund
  1058 | D:2      | Reached skill level 5 in Fighting
  1058 | D:2      | Reached skill level 6 in Axes
  1058 | D:2      | Reached XP level 4. HP: 42/42 MP: 4/4
  1058 | D:2      | Reached XP level 5. HP: 48/48 MP: 5/5
  1068 | D:2      | Found a basalt altar of Yredelemnul.
  1998 | D:3      | Found a glowing drain.
  2021 | Sewer    | Entered a sewer
  2325 | Sewer    | Reached XP level 6. HP: 56/56 MP: 6/6
  2384 | Sewer    | Reached skill level 1 in Evocations
  3128 | D:3      | Found a bloodstained altar of Trog.
  3128 | D:3      | Found an iron altar of Okawaru.
  3132 | D:3      | Reached skill level 7 in Axes
  3132 | D:3      | Reached skill level 1 in Throwing
  3180 | D:4      | Found a stormy altar of Qazlal.
  4016 | D:4      | Reached XP level 7. HP: 41/62 MP: 7/7
  4157 | D:4      | Reached skill level 8 in Axes
  4562 | D:5      | Entered Level 5 of the Dungeon
  4563 | D:5      | Identified a scroll of acquirement
  4564 | D:5      | Acquired the +6 broad axe "Vyqucan" {vamp, Dex+5}
  4956 | D:5      | Found an opulent altar of Gozag.
  5195 | D:5      | Reached XP level 8. HP: 70/71 MP: 8/8
  5542 | D:6      | Found a staircase to the Ecumenical Temple.
  5548 | D:6      | Reached skill level 9 in Axes
  5655 | D:6      | Found a runed translucent door.
  5725 | D:6      | Noticed MackTheKnife's ghost (amateur DsDe)
  5809 | D:6      | Killed MackTheKnife's ghost
  5810 | D:6      | Reached skill level 10 in Axes
  5815 | D:6      | Found a runed translucent door.
  5918 | D:6      | Noticed an angel
  5919 | D:6      | Found a glowing silver altar of Zin.
  6278 | D:6      | Reached XP level 9. HP: 63/81 MP: 9/9
  6877 | D:7      | Reached skill level 11 in Axes
  7027 | D:7      | Found a blossoming altar of Fedhas.
  7029 | D:7      | Found a white marble altar of Elyvilon.
  7029 | D:7      | Found a snail-covered altar of Cheibriados.
  7029 | D:7      | Found a hide-covered altar of Uskayaw.
  7030 | D:7      | Found an ornate altar of the Wu Jian Council.
  7030 | D:7      | Found a burning altar of Makhleb.
  7030 | D:7      | Found a shimmering blue altar of Sif Muna.
  7030 | D:7      | Found a shimmering altar of Xom.
  7063 | D:7      | Fell from the grace of Ignis
  7063 | D:7      | Became a worshipper of Makhleb the Destroyer
  7126 | D:7      | Found a flagged portal.
  7132 | Bailey   | Entered a bailey
  7154 | Bailey   | Noticed an orc knight
  7156 | Bailey   | Identified the +3 whip "Orb Guardian's Bane" {freeze, rC+
                  | rN+}
  7201 | Bailey   | Identified the +4 double sword of the Common Good {spect,
                  | rPois rC+ Dex+4}
  7206 | Bailey   | Identified the +6 leather armour "Orevupasogg" {Rampage
                  | Will+ Str+4}
  7250 | Bailey   | Reached skill level 1 in Invocations
  7254 | Bailey   | Reached skill level 5 in Evocations
  7281 | Bailey   | Noticed an orc knight
  7292 | Bailey   | Killed an orc knight
  7293 | Bailey   | Reached skill level 12 in Axes
  7297 | Bailey   | HP: 3/83 [orc knight (25)]
  7301 | Bailey   | HP: 1/124 [orc knight (22)]
  7302 | Bailey   | Killed an orc knight
  7303 | Bailey   | Reached XP level 10. HP: 10/91 MP: 9/11
  7303 | Bailey   | Reached * piety under Makhleb
  8177 | D:8      | HP: 1/91 [fire elemental[the fiery vengeance of Ignis]
                  | (10)]
  8179 | D:8      | Slain by a fire elemental

Illustrated notes

Levels and vault maps discovered:
D:1:      dpeg_arrival_water_temple_mockup, layout_loops_ring,
          ebering_ecumenical_altar_webs, minmay_worlds_worst_comb
D:2:      layout_loops_ring, basic_altar, minmay_hedge_maze, uniq_sigmund
D:3:      layout_rooms, grunt_temple_overflow_bloody_war, serial_curves,
          eino_curves_02, eino_curves_02, eino_curves_02, portal_sewer_entry_a
D:4:      layout_gridville, nicolae_overflow_crystal_walls
D:5:      layout_basic, grunt_gozag_statues
D:6:      layout_basic, zin_angel, minmay_temple_entry_sparse_star,
          ebering_ghost_sewer_f
D:7:      layout_loops_ring, grunt_temple_overflow_open, enter_bailey_3,
          chequers_serial_rivers_large_a
D:8:      layout_gridville, special_room [special_room_orc],
          minmay_quadrilaterals

Skill      XL: |  1  2  3  4  5  6  7  8  9 |
---------------+----------------------------+-----
Axes           | 4 6 7 8 10 12 | 12.8
Fighting       | 4 5 6 7 9 |  9.5
Evocations     | 1 2 4 5 |  5.0
Throwing       | 1 2 3 |  3.0
Invocations    | 3 |  3.4
Spellcasting   | |  1.0
Fire Magic     | |  2.1

Action                   |  1- 3 |  4- 6 |  7- 9 | 10-12 || total
-------------------------+-------+-------+-------+-------++-------
Melee: Hand axe          |    56 |   227 |    14 |       ||   297
       Headbutt          |     1 |    47 |    28 |     2 ||    78
       Broad axe         |       |       |   165 |    19 ||   184
Throw: Boomerang         |       |     5 |       |       ||     5
Invok: Foxfire Swarm     |     1 |     3 |     2 |       ||     6
       Fiery Armour      |       |     2 |     2 |       ||     4
Evoke: Box of beasts     |       |       |     1 |       ||     1
  Use: Scroll            |       |    10 |    13 |     2 ||    25
       Potion            |       |       |     3 |     2 ||     5
Armor: Robe              |    12 |       |       |       ||    12
       Chain mail        |       |    54 |    12 |       ||    66
       Plate armour      |       |       |    71 |       ||    71
       Leather armour    |       |       |     4 |    11 ||    15
Dodge: Dodged            |    30 |    82 |    84 |    18 ||   214
       Repelled          |       |       |     1 |       ||     1

Table legend: (Time is in decaauts)
 A = Elapsed time spent in this place.
 B = Non-inter-level travel time spent in this place.
 C = Inter-level travel time spent in this place.
 D = Time resting spent in this place.
 E = Time spent auto-exploring this place.
 F = Levels seen in this place.
 G = Mean time per level.
                   A        B        C        D        E       F      G
               +--------+--------+--------+--------+--------+-----+--------+
         Total |   8258 |   7994 |    264 |   1947 |   4420 |  10 |  825.8 |
       Dungeon |   7008 |   6744 |    264 |   1439 |   4161 |   8 |  876.0 |
         Sewer |    648 |    648 |      0 |    219 |    188 |   1 |  648.0 |
        Bailey |    601 |    601 |      0 |    289 |     70 |   1 |  601.0 |
               +--------+--------+--------+--------+--------+-----+--------+

Top non-repeatable levels by time:
     D:4: 1378 daAuts
     D:6: 1322 daAuts
     D:1: 1036 daAuts
     D:5: 982 daAuts
     D:2: 883 daAuts
     D:7: 715 daAuts
     D:3: 665 daAuts
   Sewer: 648 daAuts
  Bailey: 601 daAuts
     D:8: 25 daAuts
